 Dungeon Crawl Stone Soup version 0.16.1-2-g95b8d4c (webtiles) character file.

162 karlm the Poker (level 5, -8/32 HPs)
             Began as a Gargoyle Fighter on Mar 25, 2015.
             Killed from afar by Sigmund (9 damage)
             ... with a wand of frost
             ... on level 3 of the Dungeon.
             The game lasted 00:05:27 (2751 turns).

karlm the Poker (Gargoyle Fighter)                  Turns: 2751, Time: 00:05:27

Health: -8/32      AC: 16    Str: 20    XL:     5   Next: 43%
Magic:  5/5        EV:  5    Int:  6    God:
Gold:   103        SH:  9    Dex:  9    Spells: 0 memorised, 4 levels left

rFire  . . .     SeeInvis .     a - +0 trident
rCold  . . .     Clarity  .     w - +3 chain mail {rN+}
rNeg   + + .     SustAb   .     c - +0 shield
rPois  ∞         Gourm    .     (no helmet)
rElec  +         Spirit   .     (no cloak)
rCorr  .         Warding  .     (no gloves)
rMut   .         Stasis   .     (no boots)
MR     .....                    (no amulet)
Stlth  ..........               n - -3 ring of intelligence
                                k - ring of stealth

@: not resistant to hostile enchantments, extremely unstealthy
A: negative energy resistance 1, electricity resistance, unbreathing,
petrification resistance, rot immunity, AC +4
a: no special abilities


You were on level 3 of the Dungeon.
You were not hungry.

You visited 1 branch of the dungeon, and saw 3 of its levels.

You collected 103 gold pieces.

Inventory:

Hand weapons
 a - a +0 trident (weapon)
Armour
 c - a +0 shield (worn)
 w - a +3 chain mail of positive energy (worn)
Jewellery
 k - a ring of stealth (left hand)
 n - a -3 ring of intelligence (right hand)
Magical devices
 g - a wand of digging (19)
 u - a wand of magic darts (36)
Scrolls
 h - 2 scrolls of random uselessness
 m - 2 scrolls of identify
 o - a scroll of fear
 q - a scroll of enchant armour {unknown}
Potions
 e - a potion of might
 f - 2 potions of curing
 i - a potion of ambrosia {unknown}
 l - 2 potions of lignification {unknown}
 p - a potion of degeneration {unknown}
 s - 2 potions of heal wounds {unknown}
Comestibles
 b - a chunk of flesh
 d - a bread ration
 j - 4 fruits


   Skills:
 - Level 3.4 Fighting
 + Level 4.6 Polearms
 - Level 3.5 Armour
 - Level 3.4 Shields


You had 4 spell levels left.
You didn't know any spells.

Dungeon Overview and Level Annotations

Branches:
Dungeon (3/15)

Altars:
Kikubaaqudgha
Qazlal

Annotations:
D:3 Sigmund


Innate Abilities, Weirdness & Mutations

You are resistant to torment.
You are immune to poison.
Your stone body is very resilient (AC +4).
You resist negative energy.
You are resistant to electric shocks.
You can survive without breathing.
You are immune to petrification.
You are immune to rotting.


Message History

You block the rat's attack.
You hear some strange, mumbled words.
Something tries to affect you, but you resist.
The goblin hits you with a club.
You closely miss something. The rat bites you but does no damage.
You hear a zap.
The puff of frost hits you!
* * * LOW HITPOINT WARNING * * *
The goblin hits you but does no damage.
You miss something. The rat barely misses you.
Something hits you but does no damage. The goblin hits you but does no damage.
You miss something. You block the rat's attack.
You hear a zap.
The puff of frost hits you!
* * * LOW HITPOINT WARNING * * *
You block the goblin's attack. The rat bites you but does no damage.
Your chain mail prevents you from hitting something.
You hear a zap.
The puff of frost hits you!
You die...

#.# #.###...# #.#
#.# #...# #.# #.#
#...# #.# #.###...#
##.###.#.....#
#............# .
##.#####.#...###...
#..# #.#...#..###.
##.# #...@{.......
#.# #...gr.......
#.# #.....#.....
##.#####..........#
#............#.#...
##.#######...#.# .
#.# #....... #.#
#...#.## #.#
#....[#


You could see a goblin and a rat.

Vanquished Creatures
  2 orc priests
  Jessica (D:2)
  Terence (D:3)
  2 adders (D:2)
  A giant mite (D:2)
  3 worms
  2 orcs (D:2)
  3 goblins
  4 hobgoblins
  4 jackals (D:2)
  3 bats (D:1)
  2 giant cockroaches (D:1)
  A giant gecko (D:3)
  7 giant newts
  3 kobolds
  3 rats
42 creatures vanquished.

Notes
Turn   | Place    | Note
--------------------------------------------------------------
     0 | D:1      | karlm, the Gargoyle Fighter, began the quest for the Orb.
     0 | D:1      | Reached XP level 1. HP: 14/14 MP: 1/1
   551 | D:1      | Reached XP level 2. HP: 19/19 MP: 2/2
  1151 | D:2      | Reached XP level 3. HP: 15/23 MP: 3/3
  1260 | D:2      | Noticed Jessica
  1269 | D:2      | Killed Jessica
  1322 | D:2      | Reached XP level 4. HP: 9/28 MP: 4/4
  1563 | D:2      | Found an ancient bone altar of Kikubaaqudgha.
  1702 | D:2      | Found a stormy altar of Qazlal.
  1789 | D:2      | Reached skill level 4 in Polearms
  2053 | D:2      | Reached XP level 5. HP: 24/32 MP: 5/5
  2216 | D:3      | Noticed Terence
  2355 | D:3      | Killed Terence
  2726 | D:3      | Noticed Sigmund
  2750 | D:3      | HP: 1/32 [something/wand of frost (9)]
  2751 | D:3      | Killed from afar by Sigmund

Action                   |  1- 3 |  4- 6 || total
-------------------------+-------+-------++-------
Melee: Trident           |   131 |   103 ||   234
  Use: Scroll            |       |     7 ||     7
  Eat: Chunk             |     2 |     4 ||     6
